 Dungeon Crawl Stone Soup version 0.27.1-34-g3ba077fa99 (webtiles) character file.

Game seed: 2168812911050802201

88 unlimited1921 the Magician (level 4, -4/31 HPs)
             Began as a Djinni Fire Elementalist on Jan 4, 2022.
             Slain by Crazy Yiuf (9 damage)
             ... on level 2 of the Dungeon.
             The game lasted 00:14:25 (4341 turns).

unlimited1921 the Magician (DjFE)                   Turns: 4341, Time: 00:14:25

Health: -4/31      AC:  2    Str:  7    XL:     4   Next: 82%
Gold:   93         EV: 12    Int: 17    God:
                   SH:  0    Dex: 14

rFire    + + .     SeeInvis .   e - +0 long sword
rCold    x . .     Faith    .   (no shield)
rNeg     + . .     Spirit   .   a - +0 robe
rPois    ∞         Reflect  .   (no helmet)
rElec    .         Harm     .   (no cloak)
rCorr    .         Rampage  .   (no gloves)
Will     .....                  (boots unavailable)
Stlth    ++........             (no amulet)
HPRegen  0.10/turn              f - ring of positive energy
MPRegen  0.00/turn              (no ring)

@: flying
A: sickness immunity, fire resistance 2, cold vulnerability 1, float, innate
caster, hp casting, extra vitality 1
a: no special abilities


You were on level 2 of the Dungeon.
You visited 1 branch of the dungeon, and saw 2 of its levels.

You collected 93 gold pieces.

Inventory:

Hand Weapons
 d - a +0 dagger
 e - a +0 long sword (weapon)
 i - a +0 short sword of flaming
 l - a +0 mace of draining
Missiles
 c - 34 bolts
Armour
 a - a +0 robe (worn)
Jewellery
 f - a ring of positive energy (left hand)
Scrolls
 h - a scroll of noise {unknown}
 j - a scroll of summoning {unknown}
Potions
 b - a potion of curing {unknown}
 g - a potion of degeneration {unknown}
 k - 2 potions of brilliance {unknown}


   Skills:
 * Level 2.7 Dodging
 + Level 2.0 Stealth
 + Level 3.7 Spellcasting


You couldn't memorise any spells.
You knew the following spells:

 Your Spells              Type           Power      Damage    Failure   Level
a - Foxfire               Conj/Fire      60%        2x1d7     3%          1
b - Conjure Flame         Conj/Fire      15%        6-21      11%         3
c - Inner Flame           Hex/Fire       15%        N/A       11%         3
d - Sticky Flame          Conj/Fire      15%        2d4       34%         4
e - Fireball              Conj/Fire      7%         3d5       69%         5
f - Pain                  Necr           60%        1d7       3%          1
Your spell library was empty.

Dungeon Overview and Level Annotations

Branches:
Dungeon (2/15)

Altars:

Shops:
D:2 [

Annotations:
D:2 Crazy Yiuf


Innate Abilities, Weirdness & Mutations

You are immune to sickness and miasma.
You are immune to poison.
Your flesh is very heat resistant. (rF++)
You are vulnerable to cold. (rC-)
You float through the air rather than walking.
You learn spells naturally, not from books.
Your magical power is your life essence.
You have superior vitality. (+4 HP)


Message History

Confirm with . or Enter, or press ? or * to list all spells.
You conjure some foxfire!
The foxfire hits Crazy Yiuf but does no damage.
The foxfire hits Crazy Yiuf.
Crazy Yiuf is lightly wounded.
Casting: Foxfire (safe; 3% risk of failure)
Confirm with . or Enter, or press ? or * to list all spells.
You conjure some foxfire!
The foxfire hits Crazy Yiuf.
Crazy Yiuf is moderately wounded.
The foxfire hits Crazy Yiuf.
Crazy Yiuf is heavily wounded.
Casting: Foxfire (safe; 3% risk of failure)
Confirm with . or Enter, or press ? or * to list all spells.
You conjure some foxfire!
Crazy Yiuf hits you with a +3 quarterstaff of chaos!
Crazy Yiuf freezes you.
The foxfire hits Crazy Yiuf.
Crazy Yiuf is severely wounded.
The foxfire hits Crazy Yiuf but does no damage.
Crazy Yiuf is severely wounded.
Crazy Yiuf grits, "Mama noodlescoop light!"
Crazy Yiuf laughs, "Mountain meccalolo dark!"
Crazy Yiuf says, "Crazy?
Crazy!?
PORCUPINE!"
Crazy Yiuf yells, "Sif Muna senile mumblescurry!"
Casting: Foxfire (safe; 3% risk of failure)
Confirm with . or Enter, or press ? or * to list all spells.
You conjure some foxfire!
Crazy Yiuf hits you with a +3 quarterstaff of chaos!
* * * LOW HITPOINT WARNING * * *
Your foxfire dissipates!
The foxfire hits Crazy Yiuf.
Crazy Yiuf is almost dead.
Crazy Yiuf cries, "You leg down broken song, no?"
Casting: Foxfire (safe; 3% risk of failure)
Confirm with . or Enter, or press ? or * to list all spells.
You conjure some foxfire!
* * * LOW HITPOINT WARNING * * *
Crazy Yiuf hits you with a +3 quarterstaff of chaos!
You die...

##..##.#.###### #..........
##.##.#......# #.######.##
#.##.######.# #.# #.#
#.##.# #.# #.# #.# #.##.#
#.# #.# #.## #.##.# #.# #.#
#.#. #.##.# #.#####.# #.#.
#.##.######v......# #.#.
#........g@v......######.#.
########.########.>......#.
#.# #.########. #.# #.####
#. #.# #....# #. #.#
#.##)#####. #.# #.##.<))...
#.# #.########. #.#
#........##


You could see Crazy Yiuf (ally target).

Vanquished Creatures
  An orc wizard (D:2)
  2 worms (D:2)
  3 dart slugs
  3 orcs (D:2)
  A ball python (D:1)
  3 endoplasms (D:1)
  2 giant cockroaches (D:1)
  5 goblins
  4 hobgoblins
  A jackal (D:2)
  4 kobolds
  2 quokkas
  8 bats
  4 frilled lizards
  4 rats (D:1)
47 creatures vanquished.

Vanquished Creatures (collateral kills)
  A foxfire (D:2)
1 creature vanquished.

Vanquished Creatures (others)
  139 foxfires
139 creatures vanquished.

Grand Total: 187 creatures vanquished

Notes
Turn   | Place    | Note
-------+----------+-------------------------------------------
     0 | D:1      | unlimited1921 the Djinni Fire Elementalist began the quest
                  | for the Orb.
     0 | D:1      | Reached XP level 1. HP: 15/15 MP: 0/0
   472 | D:1      | Reached XP level 2. HP: 17/21 MP: 0/0
  1811 | D:1      | Reached skill level 3 in Spellcasting
  1811 | D:1      | Reached XP level 3. HP: 20/25 MP: 0/0
  1811 | D:1      | Learned a level 1 spell: Pain
  2987 | D:2      | Reached XP level 4. HP: 19/31 MP: 0/0
  3136 | D:2      | Found Jutoumiu's Antique Armour Shoppe.
  3724 | D:2      | Found a runed translucent door.
  3729 | D:2      | Noticed Crazy Yiuf
  4341 | D:2      | Slain by Crazy Yiuf

Illustrated notes

Levels and vault maps discovered:
D:1:      scummos_arrival_simple_fountains, layout_loops_ring
D:2:      layout_loops_ring, serial_shops, nicolae_shop_overgrown_old_shop,
          st_stairs_4, uniq_crazy_yiuf_cottage

Skill      XL: |  1  2  3 |
---------------+----------+-----
Spellcasting   | 3 |  3.7
Stealth        | 2 |  2.0
Dodging        | |  2.7

Action                   |  1- 3 |  4- 6 || total
-------------------------+-------+-------++-------
Melee: Long sword        |     3 |     5 ||     8
 Cast: Foxfire           |    61 |    35 ||    96
Armor: Robe              |     1 |       ||     1
Dodge: Dodged            |     5 |     6 ||    11
       Rpst.: Long sword |       |     2 ||     2
